 Dungeon Crawl Stone Soup version 0.30.0-29-ga12c61a403 (webtiles) character file.

Game seed: 13073721018258469514

242748 GeoRichter the Warrior (level 19, -10/166 HPs)
             Began as a Demonspawn Brigand on June 24, 2023.
             Was the Champion of Kikubaaqudgha.
             Killed by divine providence
             ... invoked by a deep elf high priest
              (12 damage)
             ... on level 3 of the Elven Halls on June 25, 2023.
             The game lasted 01:59:05 (35375 turns).

GeoRichter the Warrior (Demonspawn Brigand)        Turns: 35375, Time: 01:59:05

Health: -10/166    AC: 26    Str: 13    XL:     19   Next: 10%
Magic:  34/34      EV: 18    Int: 20    God:    Kikubaaqudgha [******]
Gold:   2097       SH: 15    Dex: 20    Spells: 11/41 levels left

rFire   + . .        a - +9 quick blade (pain) {!w}
rCold   + . .        O - +3 buckler "Muckause" {Will+}
rNeg    . . .        x - +5 steam dragon scales
rPois   .            F - +2 helmet {Int+3}
rElec   +            (cloak unavailable)
rCorr   .            t - +2 pair of gloves {Stlth+}
SInv    .            V - +4 pair of boots of Dull Beauty {rF+ Dex+3}
Will    ++...        H - amulet of the acrobat
Stlth   +++++        Z - ring "Bymora" {rElec AC+4}
HPRegen 2.47/turn    j - ring of protection from cold
MPRegen 0.24/turn

%: acrobat
@: death channelling, animating dead, studying Fighting
A: large bone plates 2, ignite blood 3, powered by death 2, augmentation 1,
weakness stinger 3
}: 1/15 runes: barnacled
a: Renounce Religion, Unearth Wretches, Torment


You were on level 3 of the Elven Halls.
You worshipped Kikubaaqudgha.
Kikubaaqudgha was exalted by your worship.
You visited 7 branches of the dungeon, and saw 31 of its levels.
You also visited: Sewer, Bailey and Gauntlet.

You collected 5566 gold pieces.
You spent 3469 gold pieces at shops.

Inventory:

Hand Weapons
 a - a +9 quick blade of pain (weapon) {!w}
   (You subdued it on level 2 of the Elven Halls)
 b - a +2 short sword of flaming
   (You took it off a deep elf zephyrmancer on level 1 of the Elven Halls)
Missiles
 M - 6 throwing nets {!f}
Armour
 t - a +2 pair of gloves of stealth (worn)
   (You found it in a Gauntlet)
 x - +5 steam dragon scales (worn)
   (You took it off Maggie on level 9 of the Dungeon)
 F - a +2 helmet of intelligence (worn)
   (You found it in a Gauntlet)
 O - the +3 buckler "Muckause" (worn) {Will+}
   (You found it on level 6 of the Dungeon)

   Will:      It increases your willpower.
 V - the +4 pair of boots of Dull Beauty (worn) {rF+ Dex+3}
   (You acquired it on level 4 of the Shoals)

   Dex:       It affects your dexterity (+3).
   rF:        It protects you from fire.
Jewellery
 e - a ring of resist corrosion
   (You found it on level 1 of the Elven Halls)
 j - a ring of protection from cold (right hand)
   (You found it on level 2 of the Dungeon)
 k - a ring of protection from fire
   (You took it off a merfolk on level 3 of the Shoals)
 r - a ring of poison resistance
   (You found it on level 2 of the Dungeon)
 H - an amulet of the acrobat (around neck)
   (You found it on level 5 of the Dungeon)
 L - the ring "Retivil" {rC- rCorr AC+4 Dex+3}
   (You found it on level 4 of the Dungeon)

   [ring of protection]

   AC:        It affects your AC (+4).
   Dex:       It affects your dexterity (+3).
   rC:        It makes you vulnerable to cold.
   rCorr:     It protects you from acid and corrosion.
 Z - the ring "Bymora" (left hand) {rElec AC+4}
   (You bought it in a shop on level 1 of the Elven Halls)

   [ring of protection]

   AC:        It affects your AC (+4).
   rElec:     It insulates you from electricity.
Wands
 d - a wand of roots (15)
   (You found it on level 5 of the Lair of Beasts)
 z - a wand of flame (42)
   (You found it on level 3 of the Dungeon)
 E - a wand of quicksilver (4)
   (You found it in a Gauntlet)
 K - a wand of charming (8)
   (You found it in a Gauntlet)
 Q - a wand of mindburst (9)
   (You found it on level 13 of the Dungeon)
Scrolls
 c - 5 scrolls of vulnerability {!r}
 g - 5 scrolls of poison {!r}
 i - 7 scrolls of enchant armour
 l - 14 scrolls of teleportation {@r4}
 m - 7 scrolls of fog
 u - 2 scrolls of enchant weapon
 A - 4 scrolls of torment {!r}
 J - a scroll of magic mapping
 R - 4 scrolls of noise {!r}
 T - 3 scrolls of identify {@r1}
 U - 3 scrolls of amnesia
 W - 2 scrolls of immolation {!r}
Potions
 f - 12 potions of mutation {!q}
 h - 9 potions of curing {@q1}
 n - 9 potions of brilliance
 p - 4 potions of ambrosia
 q - 4 potions of resistance
 s - 2 potions of invisibility
 v - 4 potions of might
 C - 7 potions of flight
 D - 6 potions of attraction {!q}
 G - 9 potions of haste {@q3}
 N - 4 potions of cancellation
 P - 2 potions of lignification {!q}
 X - 2 potions of magic
Miscellaneous
 o - a phial of floods
   (You found it on level 5 of the Lair of Beasts)
 y - a phantom mirror
   (You found it on level 3 of the Lair of Beasts)


   Skills:
 + Level 19.1 Fighting
 - Level 10.0 Short Blades
 - Level 1.7 Throwing
 + Level 4.3 Armour
 + Level 9.3 Dodging
 + Level 7.3 Stealth
 - Level 5.0 Shields
 + Level 11.7 Spellcasting
 * Level 18.8 Necromancy
 + Level 10.1 Ice Magic
 - Level 11.0 Earth Magic
 - Level 2.0 Evocations


You had 11 spell levels left.
You knew the following spells:

 Your Spells              Type           Power      Damage    Failure   Level
b - Animate Dead          Necr           72%        N/A       1%          4
c - Death Channel         Necr           36%        N/A       1%          6
d - Dispel Undead         Necr           72%        3d24      1%          4
e - Borgnjor's Vile Clut  Necr/Erth      31%        N/A       1%          5
f - Simulacrum            Ice/Necr       31%        N/A       3%          6
g - Lee's Rapid Deconstr  Erth           27%        3d14*     2%          5

Your spell library contained the following spells:

 Spells                   Type           Power      Damage    Failure   Level
 Necrotise                Necr           100%       1d9       0%          1
 Sublimation of Blood     Necr           72%        N/A       0%          2
 Kiss of Death            Conj/Necr      100%       2d13      1%          1
 Cigotuvi's Dreadful Rot  Necr/Pois/Air  72%        N/A       1%          2
 Anguish                  Hex/Necr       24%        N/A       1%          4
 Agony                    Necr           72%        N/A       1%          5
 Hailstorm                Conj/Ice       32%        3d8       2%          3
 Magic Dart               Conj           44%        1d5       8%          1
 Ice Form                 Ice/Tmut       32%        N/A       10%         4
 Blink                    Tloc           22%        N/A       12%         2
 Lesser Beckoning         Tloc           22%        N/A       12%         2
 Momentum Strike          Conj/Tloc      22%        3d8       12%         2
 Scorch                   Fire           22%        2d5       12%         2
 Searing Ray              Conj           22%        2d5       12%         2
 Static Discharge         Conj/Air       22%        2-3/arc   12%         2
 Wereblood                Tmut           11%        N/A       12%         2
 Mephitic Cloud           Conj/Pois/Air  11%        N/A       22%         3
 Portal Projectile        Hex/Tloc       22%        N/A       22%         3
 Tukima's Dance           Hex            11%        N/A       22%         3
 Vhi's Electric Charge    Tloc/Air       22%        N/A       22%         3
 Volatile Blastmotes      Fire/Tloc      22%        2d11      22%         3
 Airstrike                Air            5%         2d(1-17)  58%         4
 Flame Wave               Conj/Fire      11%        2d6       58%         4
 Fulminant Prism          Conj/Hex       5%         3d7       58%         4
 Iskenderun's Mystic Bla  Conj/Tloc      11%        2d4       58%         4
 Summon Lightning Spire   Summ/Air       11%        N/A       58%         4
 Ozocubu's Refrigeration  Ice            25%        4d13      71%         7
 Blade Hands              Tmut           5%         N/A       91%         5
 Summon Cactus Giant      Summ           5%         N/A       100%        6
 Malign Gateway           Summ/Tloc      5%         N/A       100%        7
 Summon Hydra             Summ           5%         N/A       100%        7
 Summon Horrible Things   Summ           5%         N/A       100%        8
 Chain Lightning          Conj/Air       5%         3d7       100%        9
 Fire Storm               Conj/Fire      5%         8d2       100%        9
 Polar Vortex             Ice            25%        N/A       100%        9
 Shatter                  Erth           27%        3d23*     100%        9


Dungeon Overview and Level Annotations

Branches:
Dungeon (14/15) Zot: 25514  Temple (1/1) D:5 Zot: 5839    Lair (5/5) D:11 Zot: 24364
 Shoals (4/4) Lair:3 Zot: 18256  Spider (2/4) Lair:3 Zot: 10387   Slime (0/5) Lair:5
    Orc (2/2) D:9 Zot: 9906     Elf (3/3) Orc:2 Zot: 13955  Vaults (0/5) D:13
  Sewer (visited)          Bailey (visited)         Gauntlet (visited)

Altars:
Ashenzari
Cheibriados
Dithmenos
Fedhas
Gozag
Hepliaklqana
Kikubaaqudgha
Makhleb
Nemelex Xobeh
Okawaru
Qazlal
Ru
Sif Muna
Trog
Uskayaw
Vehumet
Wu Jian
Xom
Yredelemnul
Jiyva

Shops:
D:5 !   D:7 :   D:10 !   Orc:2 ?*([   Elf:1 ==:   Shoals:1 *   Shoals:2 :

Portals:
Abyss: D:9

Annotations:
D:7 3 runed translucent doors, MacCMillion's ghost, novice GnIE
D:9 2 transporters, vfn1303's ghost, journeyman GnHu
D:14 1 runed translucent door, exclusions: obsidian statue and orange crystal statue, fedoskokos's ghost, journeyman TrFi
Spider:1 3 runed translucent doors, Peloso's ghost, adept MiFi; disskorpion's ghost, adept KoHu; lasso's ghost, adept DECj
Spider:2 Roxanne


Innate Abilities, Weirdness & Mutations

You are mostly covered in large bone plates. (SH +6)
Your demonic aura causes all spilled blood to erupt in flames.
You regenerate health from kills.
Your magical and physical power is slightly enhanced at high health.
You have a sharp stinger which inflicts weakening toxins.


Message History

Your spectral deep elf elementalist is destroyed!
The orb of electricity engulfs your spectral deep elf annihilator!!!
The orb of electricity engulfs your deep elf sorcerer zombie!!
Your deep elf sorcerer zombie is destroyed!
The orb of electricity engulfs the deep elf blademaster!!!
Your spectral deep elf sorcerer is engulfed in blazing flames.
You destroy your spectral deep elf sorcerer!
The deep elf pyromancer casts a spell at you.
The bolt of fire hits your spectral deep elf master archer!!
A deep elf death mage comes into view. It is wielding a +0 short sword.
The green death is engulfed in blazing flames.
The green death hits your spectral deep elf annihilator!
The +1 spectral morningstar disappears.
Asterion is engulfed in blazing flames.
Asterion hits your spectral deep elf master archer with a +1 spectral morningstar!!
Your spectral deep elf master archer is destroyed!
You hear a shout! x14
Things that are here:
a +0 longbow; a +0 leather armour You strike the helpless Asterion from behind!
You impale Asterion!!
You kill Asterion!
Kikubaaqudgha accepts your kill.
The green death disappears in a puff of smoke!
The dead are walking!
A glowing mist starts to gather...
The deep elf blademaster is engulfed in blazing flames.
A deep elf high priest comes into view. It is wielding a +0 short sword.
A deep elf elementalist comes into view.
It is wielding a +0 long sword.
The deep elf master archer wields a +0 longbow.
The deep elf master archer shoots an arrow.
The arrow hits you!!
* * * LOW HITPOINT WARNING * * *
Your deep elf master archer zombie is engulfed in blazing flames.
Your deep elf master archer zombie hits the deep elf blademaster!
Your spectral deep elf sorcerer is engulfed in blazing flames.
As you read the scroll of fog, it crumbles to dust.
The scroll dissolves into smoke.
The deep elf blademaster is engulfed in blazing flames.
The deep elf blademaster misses you.
The deep elf blademaster hits you with a +0 rapier!
* * * LOW HITPOINT WARNING * * *
Your deep elf annihilator zombie closely misses the deep elf blademaster.
The deep elf sorcerer is engulfed in blazing flames.
You block the deep elf sorcerer's attack.
The deep elf master archer shoots an arrow.
The arrow hits you!!
* * * LOW HITPOINT WARNING * * *
The deep elf high priest mumbles some strange prayers to its god against you.
Something smites you!
You die...
Kikubaaqudgha rasps: "You have failed me!
Welcome... death!"

*,,*,,,,,,,,,,,,,* *,,,,,,,,,,
*,,***,,,,,,,,..°* *,,,,,,,,,,
*,,,,**,,,,,,,#e#######+*,,,,,,,
*,,,***+****###........,*******+
*,,**,,,** #........ee,,,* **,
*,**,,,,,** #....Z.....,,,* **,,
*,*,,,,,,,*##.Z§§§/....,,,***,,,
***,,,,,,,##..eZ§§e.e..,,,,**,,,
*,,,,,,,#..Ze@☼§#**,,,,,,,*,,,
**,,,,,*#..ZZZ○## **,,,,,,**,,
**,,,**#...°Z## **,..,,***,
**+**,#.....# *.....#,**
*,^,,,#...°.## *#.....#,,,
*,,,,,#).....## ##......#,,,
**,,,,#.......###.......#,,,
**,,,##.........).....#*,,,
***,,##.............#*,,**


You could see a deep elf blademaster (ally target), a deep elf master archer
(ally target), a deep elf death mage, a deep elf sorcerer (fast, distracted,
ally target), a deep elf high priest, a deep elf pyromancer, a friendly spectral
deep elf annihilator, a friendly spectral deep elf sorcerer, the friendly
Asterion the spectral minotaur, a friendly deep elf annihilator zombie, a
friendly deep elf sorcerer zombie, a friendly deep elf master archer zombie, the
friendly Asterion the minotaur zombie and a friendly deep elf elementalist
zombie.

Vanquished Creatures
  An iron giant (shapeshifter) (D:14)
  Jorgrun (D:14)
  Zenata (Elf:2)
  Asterion (Elf:3)
  A deep elf master archer (Elf:3)
  4 deep elf sorcerers
  A deep elf elementalist (Elf:3)
  An orc warlord (Elf:2)
  4 deep elf demonologists
  A deep elf annihilator (Elf:3)
  A minotaur (Gauntlet)
  Azrael (D:13)
  An ettin (D:9)
  A deep elf death mage (Elf:1)
  3 merfolk javelineers (Shoals:4)
  Snorg (Orc:1)
  Josephine (Lair:3)
  An entropy weaver (Spider:1)
  3 merfolk impalers (Shoals:4)
  An entropy weaver (shapeshifter) (D:13)
  3 deep elf high priests
  3 hydras
  A vault guard (D:13)
  3 centaur warriors
  A satyr (Shoals:4)
  A merfolk avatar (Shoals:2)
  2 radroaches (Spider:1)
  3 two-headed ogres
  3 merfolk aquamancers
  2 boulder beetles
  3 alligator snapping turtles
  21 dancing weapons
  19 deep elf knights
  6 orc high priests
  Amaemon (D:11)
  A pharaoh ant (Spider:1)
  6 skysharks
  8 sea snakes
  An orb spider (Spider:1)
  4 slime creatures
  12 orc knights
  A steelbarb worm (Spider:1)
  3 wizards
  A lindwurm (Lair:3)
  4 ugly things
  4 deep elf archers
  Pikel (D:9)
  23 deep elf pyromancers
  30 deep elf zephyrmancers
  4 wolf spiders
  5 harpies
  An ugly thing zombie (D:14)
  3 fauns
  3 orc sorcerers
  3 cyclopes
  2 moths of wrath (Spider:1)
  8 manticores
  5 merfolk sirens
  2 demonic crawlers (Spider:1)
  19 elephants
  A water nymph (Shoals:2)
  3 black mambas
  A smoke demon (Gauntlet)
  3 torpor snails
  Maggie (D:9)
  A cane toad (shapeshifter) (Elf:3)
  5 komodo dragons
  An orange demon (D:11)
  5 cane toads
  An efreet (D:14)
  4 rime drakes
  2 komodo dragons (shapeshifter) (Elf:3)
  An unseen horror (D:12)
  A redback zombie (Spider:1)
  2 tengu conjurers (D:13)
  6 harpy zombies
  11 merfolk
  2 meliai
  7 trolls
  4 polar bears
  5 wind drakes
  5 tarantellas
  3 hornets
  Grinder (D:3)
  A satyr zombie (Shoals:4)
  9 blink frogs
  A tarantella zombie (Spider:1)
  5 snapping turtles
  2 dream sheep
  2 centaur simulacra (Gauntlet)
  An air elemental (Elf:1)
  5 jumping spiders
  4 culicivoras (Spider:1)
  4 shadows
  7 wyverns
  27 yaks
  A vampire (D:10)
  Eustachio (D:4)
  4 wraiths
  6 fire elementals
  7 water elementals
  2 wind drake zombies (Shoals:4)
  4 vampire mosquitoes
  A redback (shapeshifter) (Elf:1)
  8 redbacks (Spider:1)
  Menkaure (D:4)
  2 skyshark zombies
  6 wargs
  2 water nymph zombies (Shoals:4)
  3 hell hounds (D:13)
  An acid dragon (D:10)
  A cane toad zombie (Lair:4)
  11 water moccasins
  8 merfolk zombies
  31 orc warriors
  2 sky beasts
  A black bear (D:7)
  An ice beast (D:6)
  A boggart (Elf:1)
  21 elf zombies
  4 wolves (Lair:1)
  5 blink frog zombies (Lair:3)
  An elephant zombie (Lair:3)
  4 ogres
  7 centaurs
  2 phantoms (D:5)
  9 bullfrogs
  A komodo dragon zombie (Lair:5)
  4 kobold brigands
  3 earth elementals
  2 gnoll sergeants
  3 warg zombies
  A hornet simulacrum (Gauntlet)
  4 wights
  4 troll zombies (D:9)
  6 yak zombies
  A howler monkey (D:9)
  An electric eel (Lair:2)
  3 crimson imps (Gauntlet)
  3 bullfrog zombies
  A gnoll bouda (D:5)
  A jelly (D:5)
  2 hounds (D:5)
  An iron imp (D:7)
  15 orc priests
  A sleepcap (D:6)
  Terence (D:3)
  2 iguanas (D:6)
  Ijyb (D:3)
  12 orc wizards
  4 ogre zombies
  2 hound skeletons (D:4)
  Robin (D:2)
  12 gnolls
  6 adders
  2 shadow imps
  A white imp (D:6)
  2 ufetubi (D:6)
  2 dart slugs
  31 orcs
  7 bats
  9 endoplasms
  24 giant cockroaches
  13 hobgoblins
  11 quokkas
  10 ball pythons
  11 frilled lizards
  10 goblins (D:2)
  A goblin skeleton (D:9)
  2 goblin zombies (D:9)
  A hobgoblin skeleton (D:9)
  5 hobgoblin zombies (D:9)
  26 kobolds
  A kobold zombie (D:11)
  An orc skeleton (D:9)
  37 orc zombies
  4 rats
867 creatures vanquished.

Vanquished Creatures (collateral kills)
  A deep elf blademaster (Elf:2)
  Ilsuiw (Shoals:2)
  A quicksilver ooze (shapeshifter) (Elf:1)
  2 merfolk javelineers
  A deep elf high priest (Elf:3)
  6 merfolk impalers
  A hydra (Lair:3)
  3 centaur warriors
  3 merfolk avatars
  3 two-headed ogres
  12 dancing weapons
  2 boulder beetles (Spider:1)
  2 merfolk aquamancers (Shoals:4)
  Urug (Lair:3)
  A deep elf knight (Elf:2)
  A pharaoh ant (Spider:1)
  2 skysharks
  4 sea snakes
  3 deep elf archers (Elf:2)
  10 harpies
  6 orc knights
  2 deep elf pyromancers
  3 wolf spiders (Spider:1)
  5 deep elf zephyrmancers
  2 orc sorcerers (Orc:2)
  2 fauns
  A moth of wrath (Spider:1)
  6 manticores
  2 slime creatures (D:13)
  3 ugly things (D:14)
  5 cyclopes
  3 water nymphs
  4 merfolk sirens
  2 elephants (Lair:5)
  An unseen horror (D:10)
  A cane toad (Lair:4)
  A rime drake (Lair:5)
  A komodo dragon (Lair:5)
  2 meliai (Spider:2)
  A troll (Orc:1)
  4 tarantellas
  16 merfolk
  2 wind drakes
  A blink frog (shapeshifter) (Elf:1)
  A jumping spider zombie (Spider:2)
  4 snapping turtles
  A hornet (Lair:5)
  4 blink frogs (Lair:3)
  5 dream sheep
  3 jumping spiders (Spider:1)
  3 culicivoras (Spider:1)
  A vampire (D:14)
  5 water elementals
  6 wraiths
  A shadow (D:11)
  7 yaks
  A wyvern (Lair:3)
  A steam dragon (Lair:5)
  6 redbacks (Spider:1)
  4 vampire mosquitoes
  A water moccasin (Lair:3)
  3 orc warriors
  3 centaurs (D:14)
  4 bullfrogs
  A troll zombie (D:9)
  An electric eel (Lair:5)
  4 orc priests
  4 orc wizards
  17 orcs
227 creatures vanquished.

Vanquished Creatures (others)
  A deep elf sorcerer (Elf:3)
  A deep elf elementalist (Elf:2)
  A spark wasp (Spider:1)
  A merfolk impaler (Shoals:1)
  A hydra (Lair:4)
  An anaconda (shapeshifter) (Elf:2)
  A quicksilver ooze zombie (Elf:1)
  2 deep elf knights (Elf:2)
  A skyshark (Shoals:4)
  A spark wasp zombie (Spider:1)
  An anaconda zombie (Elf:2)
  6 deep elf archers
  2 wolf spider zombies
  3 deep elf zephyrmancers
  6 deep elf pyromancers
  2 harpies
  4 ugly thing zombies (D:14)
  2 manticores (Shoals:4)
  A black mamba (Lair:5)
  2 komodo dragons
  A sea snake zombie (Shoals:3)
  3 merfolk
  2 trolls
  4 harpy zombies
  A culicivora zombie (Spider:1)
  A jumping spider zombie (Spider:1)
  2 tarantella zombies (Spider:2)
  2 water elementals (Shoals:3)
  2 fire elementals
  29 elf zombies
  9 merfolk zombies
  A water moccasin (D:10)
  2 black bears
  A manticore zombie (Shoals:2)
  4 blink frog zombies
  3 vampire mosquito zombies
  An ogre (Orc:2)
  A rime drake zombie (Lair:3)
  A bullfrog (Lair:4)
  A water moccasin zombie (Lair:3)
  A hell hound zombie (D:13)
  A warg zombie (Orc:2)
  4 yak zombies
  A troll zombie (Orc:2)
  A black bear zombie (D:12)
  2 bullfrog zombies
  2 centaur zombies (D:14)
  A boggart zombie (Elf:1)
  An acid dragon zombie (D:10)
  2 ogre zombies (Orc:2)
  2 orcs
  7 kobold zombies
  23 orc zombies
159 creatures vanquished.

Grand Total: 1253 creatures vanquished

Notes
Turn   | Place    | Note
-------+----------+-------------------------------------------
     0 | D:1      | GeoRichter the Demonspawn Brigand began the quest for the
                  | Orb.
     0 | D:1      | Reached XP level 1. HP: 16/16 MP: 1/1
   296 | D:1      | Gained mutation: You have a small tail. [demonic ancestry]
   296 | D:1      | Reached XP level 2. HP: 23/23 MP: 2/2
   852 | D:2      | Gained mutation: You have a tail ending in a sharp stinger.
                  | [demonic ancestry]
   852 | D:2      | Reached XP level 3. HP: 28/28 MP: 3/3
  1131 | D:2      | Reached skill level 3 in Fighting
  1349 | D:2      | Noticed Robin
  1513 | D:2      | Gained mutation: Your demonic aura sometimes causes spilled
                  | blood to erupt in flames. [demonic ancestry]
  1513 | D:2      | Reached XP level 4. HP: 24/35 MP: 4/4
  1675 | D:2      | Killed Robin
  1900 | D:3      | Noticed Grinder
  1917 | D:3      | Killed Grinder
  1918 | D:3      | Reached XP level 5. HP: 15/41 MP: 5/5
  1918 | D:3      | Gained mutation: You are partially covered in large bone
                  | plates. (SH +4) [demonic ancestry]
  1918 | D:3      | Reached XP level 6. HP: 17/47 MP: 6/6
  2125 | D:3      | Found a shimmering blue altar of Sif Muna.
  2126 | D:3      | Found an ornate altar of the Wu Jian Council.
  2128 | D:3      | Found an opulent altar of Gozag.
  2128 | D:3      | Found a sacrificial altar of Ru.
  2129 | D:3      | Noticed Ijyb
  2138 | D:3      | Noticed Terence
  2148 | D:3      | Killed Ijyb
  2257 | D:3      | Found a faded altar of an unknown god.
  2274 | D:3      | Killed Terence
  2361 | D:3      | Found a radiant altar of Vehumet.
  2362 | D:3      | Found an iron altar of Okawaru.
  2773 | D:4      | Noticed Eustachio
  2791 | D:4      | Killed Eustachio
  2792 | D:4      | Reached skill level 5 in Short Blades
  2976 | D:4      | Found an ancient bone altar of Kikubaaqudgha.
  2976 | D:4      | Noticed Menkaure
  3038 | D:4      | Found a transporter.
  3040 | D:4      | Found a transporter.
  3064 | D:4      | Found a basalt altar of Yredelemnul.
  3212 | D:5      | Entered Level 5 of the Dungeon
  3225 | D:5      | Reached XP level 7. HP: 49/52 MP: 7/7
  3297 | D:5      | Found Cuto's Distillery.
  3312 | D:5      | Bought a potion of curing for 39 gold pieces
  3312 | D:5      | Bought a potion of might for 52 gold pieces
  3430 | D:5      | Found a glowing drain.
  3434 | Sewer    | Entered a sewer
  3994 | D:5      | Found a staircase to the Ecumenical Temple.
  4012 | Temple   | Entered the Ecumenical Temple
  4236 | D:4      | Killed Menkaure
  4258 | D:4      | Identified the ring "Retivil" {rC- rCorr AC+4 Dex+3}
  4266 | D:4      | Became a worshipper of Kikubaaqudgha
  4472 | D:5      | Reached skill level 5 in Necromancy
  4472 | D:5      | Gained mutation: You regenerate a little health from kills.
                  | [demonic ancestry]
  4472 | D:5      | Reached XP level 8. HP: 57/58 MP: 8/8
  4620 | D:5      | Found a hazy altar of Hepliaklqana.
  5547 | D:6      | Identified the +3 buckler "Muckause" {Will+}
  5820 | D:6      | Reached skill level 1 in Spellcasting
  6205 | D:6      | Reached skill level 4 in Fighting
  6431 | D:7      | Found a broken altar of Ashenzari.
  6497 | D:7      | Found a runed translucent gate.
  6498 | D:7      | Found a runed translucent gate.
  6498 | D:7      | Found a runed translucent gate.
  6500 | D:7      | Noticed MacCMillion's ghost (novice GnIE)
  6618 | D:7      | Gained mutation: You are mostly covered in large bone
                  | plates. (SH +6) [demonic ancestry]
  6618 | D:7      | Reached XP level 9. HP: 60/65 MP: 10/12
  7182 | D:7      | Found a snail-covered altar of Cheibriados.
  7423 | D:7      | Found Powayphogi's Self-Improvement Boutique.
  7738 | D:8      | Reached * piety under Kikubaaqudgha
  7738 | D:8      | Received a gift from Kikubaaqudgha
  7741 | D:8      | Learned a level 1 spell: Necrotise
  7746 | D:8      | Learned a level 4 spell: Animate Dead
  8727 | D:9      | Found a burning altar of Makhleb.
  8738 | D:9      | Noticed Maggie
  8748 | D:9      | Noticed a troll
  8757 | D:9      | Killed Maggie
  8783 | D:9      | Killed a troll
  8784 | D:9      | Reached skill level 10 in Short Blades
  8784 | D:9      | Gained mutation: Your demonic aura often causes spilled
                  | blood to erupt in flames. [demonic ancestry]
  8784 | D:9      | Reached XP level 10. HP: 46/73 MP: 16/16
  9125 | D:9      | Found a staircase to the Orcish Mines.
  9341 | D:9      | Found a transporter.
  9562 | D:9      | Reached ** piety under Kikubaaqudgha
  9756 | D:9      | Noticed a toenail golem
  9762 | D:9      | Found a transporter.
  9770 | D:9      | Reached skill level 5 in Spellcasting
  9841 | D:9      | Found a one-way gate to the infinite horrors of the Abyss.
  9841 | D:9      | Noticed vfn1303's ghost (journeyman GnHu)
 10119 | D:10     | Entered Level 10 of the Dungeon
 10163 | D:10     | Found a flagged portal.
 10352 | D:10     | Reached skill level 1 in Shields
 10383 | Bailey   | Entered a bailey
 10667 | Bailey   | Noticed an orc knight
 10667 | Bailey   | Noticed an orc knight
 10686 | Bailey   | Killed an orc knight
 10687 | Bailey   | Reached skill level 5 in Fighting
 10708 | Bailey   | Killed an orc knight
 10752 | Bailey   | Noticed an orc knight
 10770 | Bailey   | Killed an orc knight
 10944 | Bailey   | Acquired 886 gold pieces
 10946 | Bailey   | Acquired the Essays on Creeping Austromancy
 10948 | Bailey   | Acquired the -1 cloak of Detwuopt {rC+ Regen+ Dex+3 Stlth-}
 11064 | D:9      | Reached skill level 10 in Necromancy
 11071 | D:9      | Learned a level 6 spell: Death Channel
 11231 | D:7      | Bought a manual of Fighting for 960 gold pieces
 11473 | D:9      | Noticed Pikel
 11491 | D:9      | Killed Pikel
 11589 | D:10     | Reached XP level 11. HP: 48/81 MP: 20/20
 11601 | D:10     | Reached skill level 6 in Fighting
 11713 | D:10     | Found Sinno's Distillery.
 11719 | D:10     | Bought a potion of curing for 39 gold pieces
 11719 | D:10     | Bought a potion of curing for 39 gold pieces
 11719 | D:10     | Bought a potion of might for 52 gold pieces
 11942 | D:11     | Noticed Amaemon
 11965 | D:11     | Killed Amaemon
 12039 | D:11     | Reached *** piety under Kikubaaqudgha
 12039 | D:11     | Received a gift from Kikubaaqudgha
 12084 | D:11     | Reached skill level 7 in Fighting
 12240 | D:11     | Found a staircase to the Lair.
 12254 | D:11     | Found a shimmering altar of Xom.
 12468 | D:11     | Noticed a two-headed ogre
 12477 | D:11     | Killed a two-headed ogre
 12737 | Lair:1   | Entered Level 1 of the Lair of Beasts
 12777 | Lair:1   | Found a gate leading to a gauntlet.
 12788 | Gauntlet | Entered a Gauntlet
 12788 | Gauntlet | Found a transporter.
 12788 | Gauntlet | Found a transporter.
 12789 | Gauntlet | Found a runed translucent door.
 12810 | Gauntlet | Found a transporter.
 12810 | Gauntlet | Found a transporter.
 12818 | Gauntlet | Found a transporter.
 12822 | Gauntlet | Found a transporter.
 12830 | Gauntlet | Found a transporter.
 12843 | Gauntlet | Noticed a death scarab
 12843 | Gauntlet | Noticed a death scarab
 12847 | Gauntlet | Found a transporter.
 12862 | Gauntlet | Found a transporter.
 12866 | Gauntlet | Found a transporter.
 12874 | Gauntlet | Found a transporter.
 12878 | Gauntlet | Found a transporter.
 13039 | Gauntlet | Noticed a minotaur
 13048 | Gauntlet | Killed a minotaur
 13049 | Gauntlet | Reached skill level 8 in Fighting
 13176 | Lair:1   | Reached skill level 5 in Shields
 13328 | Lair:1   | Reached skill level 1 in Dodging
 13399 | Lair:1   | Found a blossoming altar of Fedhas.
 13573 | Lair:1   | Reached skill level 1 in Armour
 13573 | Lair:1   | Gained mutation: You have a sharp stinger which inflicts
                  | weakening toxins. [demonic ancestry]
 13573 | Lair:1   | Reached XP level 12. HP: 94/94 MP: 21/23
 13932 | Lair:2   | Reached skill level 9 in Fighting
 14213 | Lair:2   | Reached **** piety under Kikubaaqudgha
 14249 | Lair:2   | Noticed an eight-headed hydra
 14259 | Lair:2   | Killed an eight-headed hydra
 14771 | Lair:3   | Noticed a six-headed hydra
 14778 | Lair:3   | Killed a six-headed hydra
 14861 | Lair:3   | Reached skill level 10 in Fighting
 14996 | Lair:3   | Noticed Josephine
 15010 | Lair:3   | Killed Josephine
 15223 | Lair:3   | Noticed Urug
 15240 | Lair:3   | Killed Urug
 15422 | Lair:3   | Reached XP level 13. HP: 104/104 MP: 20/25
 15427 | Lair:3   | Learned a level 4 spell: Dispel Undead
 15433 | Lair:3   | Learned a level 5 spell: Borgnjor's Vile Clutch
 15462 | Lair:3   | Learned a level 6 spell: Simulacrum
 15468 | Lair:3   | Found a hole to the Spider Nest.
 15497 | Lair:3   | Found a staircase to the Shoals.
 15916 | Lair:4   | Reached skill level 1 in Ice Magic
 15922 | Lair:4   | Reached skill level 11 in Fighting
 16216 | Lair:4   | Identified the +3 great mace of Cefasmu {heavy, Dex+3}
 16361 | Lair:4   | Reached ***** piety under Kikubaaqudgha
 16515 | Lair:4   | You fall into a shaft and drop 1 floor!
 16515 | Lair:5   | Entered Level 5 of the Lair of Beasts
 16769 | Lair:4   | Reached skill level 5 in Dodging
 17142 | Lair:5   | Found a staircase to the Slime Pits.
 17144 | Lair:5   | Found a viscous altar of Jiyva.
 17246 | Lair:5   | Reached skill level 15 in Necromancy
 17280 | Lair:5   | Reached skill level 12 in Fighting
 17604 | Lair:5   | Paralysed by a hornet for 3 turns
 17654 | Lair:5   | Reached XP level 14. HP: 77/116 MP: 24/27
 18241 | Orc:1    | Entered Level 1 of the Orcish Mines
 18478 | Orc:1    | Noticed Snorg
 18489 | Orc:1    | Killed Snorg
 18713 | Orc:2    | Entered Level 2 of the Orcish Mines
 18713 | Orc:2    | Found a staircase to the Elven Halls.
 18778 | Orc:2    | Found a bloodstained altar of Trog.
 18902 | Orc:2    | Reached skill level 5 in Ice Magic
 19261 | Orc:2    | Found Vora's Antique Armour Boutique.
 19600 | Orc:2    | Found Webeiwant's Magic Scroll Boutique.
 19603 | Orc:2    | Found Jipsajuo's Assorted Antiques.
 19612 | Orc:2    | Reached skill level 13 in Fighting
 19613 | Orc:2    | Found Lodudor's Weapon Shoppe.
 19676 | Orc:2    | Bought a scroll of acquirement for 728 gold pieces
 19676 | Orc:2    | Acquired 1275 gold pieces
 20213 | Elf:1    | Entered Level 1 of the Elven Halls
 20374 | Elf:1    | Found a radiant altar of Vehumet.
 20398 | Elf:1    | Paralysed by an air elemental for 1 turns
 20777 | D:7      | Bought a manual of Fighting for 960 gold pieces
 21155 | D:12     | Reached skill level 1 in Earth Magic
 21180 | D:12     | Reached skill level 10 in Spellcasting
 22177 | D:13     | Noticed Azrael
 22637 | D:13     | Killed Azrael
 23096 | D:13     | Found a gate to the Vaults.
 23129 | D:13     | Reached skill level 14 in Fighting
 23450 | D:14     | Found a runed translucent door.
 23467 | D:14     | Gained mutation: You regenerate health from kills. [demonic
                  | ancestry]
 23467 | D:14     | Reached XP level 15. HP: 102/126 MP: 17/29
 23676 | D:14     | Found a bloodstained altar of Trog.
 23792 | D:14     | Reached skill level 5 in Earth Magic
 24015 | D:14     | Noticed an iron giant
 24034 | D:14     | Killed an iron giant
 24152 | D:14     | Noticed Jorgrun
 24183 | D:14     | Killed Jorgrun
 24432 | D:14     | Noticed fedoskokos's ghost (journeyman TrFi)
 24868 | Spider:1 | Entered Level 1 of the Spider Nest
 25073 | Spider:1 | Found a runed translucent gate.
 25073 | Spider:1 | Found a runed translucent gate.
 25073 | Spider:1 | Found a runed translucent gate.
 25074 | Spider:1 | Noticed lasso's ghost (adept DECj)
 25074 | Spider:1 | Noticed Peloso's ghost (adept MiFi)
 25074 | Spider:1 | Noticed disskorpion's ghost (adept KoHu)
 25220 | Spider:1 | Reached skill level 15 in Fighting
 26238 | Spider:1 | Reached ****** piety under Kikubaaqudgha
 26364 | Spider:2 | Noticed Roxanne
 26404 | Spider:2 | Learned a level 5 spell: Lee's Rapid Deconstruction
 26530 | Shoals:1 | Entered Level 1 of the Shoals
 26832 | Shoals:1 | Found Witsaf's General Store.
 27459 | Shoals:1 | Reached skill level 16 in Fighting
 27621 | Shoals:2 | Found Tedoil's Book Shop.
 27818 | Shoals:2 | Gained mutation: Your demonic aura causes all spilled blood
                  | to erupt in flames. [demonic ancestry]
 27818 | Shoals:2 | Reached XP level 16. HP: 124/138 MP: 17/30
 28035 | Shoals:2 | Noticed Ilsuiw
 28047 | Shoals:2 | Killed Ilsuiw
 29143 | Shoals:3 | Reached skill level 10 in Earth Magic
 29143 | Shoals:3 | Gained mutation: Your magical and physical power is
                  | slightly enhanced at high health. [demonic ancestry]
 29143 | Shoals:3 | Reached XP level 17. HP: 146/146 MP: 31/31
 29294 | Shoals:3 | Reached skill level 10 in Ice Magic
 29769 | Shoals:3 | Reached skill level 1 in Evocations
 30081 | Shoals:4 | Entered Level 4 of the Shoals
 30342 | Shoals:4 | Reached skill level 17 in Fighting
 30690 | Shoals:4 | Reached skill level 5 in Stealth
 30847 | Shoals:4 | Got a barnacled rune of Zot
 31268 | Shoals:4 | Acquired the +4 pair of boots of Dull Beauty {rF+ Dex+3}
 32144 | Elf:1    | Reached XP level 18. HP: 136/156 MP: 2/32
 32319 | Elf:1    | Found Cady's Book Emporium.
 32319 | Elf:1    | Found Boro's Jewellery Shop.
 32320 | Elf:1    | Found Hiuh's Jewellery Shop.
 32329 | Elf:1    | Bought the ring "Bymora" {rElec AC+4} for 600 gold pieces
 32583 | Elf:1    | Identified the +7 great mace "Ynkakima" {elec, rN++ Str+5}
 33283 | Elf:2    | Noticed Zenata
 33309 | Elf:2    | Killed Zenata
 33312 | Elf:2    | Reached skill level 18 in Fighting
 33925 | Elf:2    | Found a runed translucent gate.
 33926 | Elf:2    | Found a runed translucent gate.
 33926 | Elf:2    | Found a runed translucent gate.
 34431 | Elf:2    | Identified a +3 quick blade of pain {!w} (a +1 heavy quick
                  | blade {!w} bloodied by Kikubaaqudgha)
 34431 | Elf:2    | Received a gift from Kikubaaqudgha
 34650 | Elf:3    | Entered Level 3 of the Elven Halls
 34887 | Elf:3    | Reached skill level 19 in Fighting
 35311 | Elf:3    | Reached XP level 19. HP: 144/166 MP: 25/34
 35359 | Elf:3    | Identified the +0 kite shield of Lust {Will+ Regen+ Int-3
                  | SInv}
 35359 | Elf:3    | Noticed Asterion
 35374 | Elf:3    | Killed Asterion
 35375 | Elf:3    | HP: 2/166 [deep elf master archer/arrow (20)]
 35375 | Elf:3    | Killed from afar by a deep elf high priest

Illustrated notes

Levels and vault maps discovered:
D:1:      dpeg_arrival_erosion, layout_loops_ring
D:2:      layout_loops_corners, uniq_robin
D:3:      layout_basic, grunt_temple_overflow_open,
          hellmonk_ecumenical_altar_slurped_away, serial_bayou_crossing,
          uniq_grinder, uniq_terence, uniq_ijyb
D:4:      layout_rooms, gammafunk_temple_of_torment, uniq_eustachio
D:5:      layout_loops_ring, mainiacjoe_overflow_six_doors_small,
          minmay_temple_entry_statues_pillars, serial_shops, shop,
          gup_sewer_entry_spiral, uniq_menkaure
D:6:      layout_basic, kennysheep_small_spiral, minmay_misc_feat_encased
D:7:      layout_basic, slow_altar_2, nicolae_ashenzari_skybound,
          ebering_ghost_rock_garden, nicolae_shop_self_help
D:8:      layout_basic
D:9:      layout_stronghold, mainiacjoe_overflow_concentric_impassable,
          zombieorc2_lemuel, gammafunk_ghost_abyssal_escape, uniq_pikel,
          uniq_maggie
D:10:     layout_big_octagon, serial_shops, nicolae_diamond_shop, enter_bailey_1
D:11:     layout_grid_maze, lair_entry_dummy, hangedman_decor_peaks_small,
          hangedman_feature_mirror, chequers_serial_rivers_micro_a,
          elyvilon_altar_5, uniq_amaemon
D:12:     layout_irregular_city, mrwooster_statue_mirror
D:13:     layout_long_grid, david_vaults_5, uniq_azrael
D:14:     layout_long_grid, ebering_ghost_inner_flame, bloody_trog, david_greed,
          uniq_jorgrun
Temple:   hellmonk_temple_forest_ring
Lair:1:   layout_cave_pods, basic_altar, gauntlet_entry_generic,
          hibernation_bobbens
Lair:2:   layout_regular_city, infiniplex_staircase_pool
Lair:3:   layout_regular_city, minmay_shoals_entry_lonely_mermaid,
          spider_nest_entry_web_field, minivault_26, serial_bayou_shore_b,
          uniq_josephine, uniq_urug
Lair:4:   layout_cave_pods, beast_lair_carwin_7, grunt_megastairs_3
Lair:5:   gammafunk_lair_ancient_temple, layout_cellular_growth, slime_entry_1,
          serial_bayou_shore_a
Shoals:1: layout_shoals, serial_shops, shop
Shoals:2: layout_shoals, serial_shops, shop, uniq_ilsuiw
Shoals:3: layout_shoals, nicolae_shoals_wave_tunnel
Shoals:4: shoals_end_simple, layout_shoals
Spider:1: layout_spider_delve, gammafunk_ghost_cemetery,
          nicolae_spider_jagged_tunnels
Spider:2: layout_spider_delve, uniq_roxanne, uniq_arachne
Orc:1:    layout_caves, david_defended_altar_orc, uniq_snorg
Orc:2:    st_orc_elflike, layout_caves, basic_altar
Elf:1:    eino_elf_arrival_altar, layout_geoelf_grid, hangedman_elf_disciples,
          item_on_display_b, minmay_shop_grove
Elf:2:    nicolae_elf_blades_crystal_corner, layout_geoelf_octagon, special_room
          [special_room_orc], uniq_zenata
Elf:3:    nooodl_elf_gasket, layout_gridlike, nicolae_elf_shapeshifter_party,
          uniq_aizul, uniq_asterion

Skill      XL: |  1  2  3  4  5  6  7  8  9 10 11 12 13 14 15 16 17 18 |
---------------+-------------------------------------------------------+-----
Short Blades   | 2 3 4 5 7 8 10 | 10.0
Fighting       | 3 4 5 8 10 12 14 16 17 19 | 19.1
Necromancy     | 2 3 5 6 7 10 12 13 15 16 18 | 18.8
Spellcasting   | 2 4 6 7 8 9 10 11 | 11.7
Shields        | 3 5 |  5.0
Dodging        | 1 4 5 6 7 9 |  9.3
Armour         | 1 3 4 |  4.3
Ice Magic      | 4 7 9 10 | 10.1
Earth Magic    | 4 8 10 11 | 11.0
Evocations     | 2 |  2.0
Stealth        | 5 7 |  7.3
Throwing       | |  1.7

Action                     |  1- 3 |  4- 6 |  7- 9 | 10-12 | 13-15 | 16-18 | 19-21 || total
---------------------------+-------+-------+-------+-------+-------+-------+-------++-------
  Melee: Dagger            |   106 |    69 |   572 |   766 |  1366 |   671 |       ||  3550
         Tailslap          |    11 |    13 |    89 |   165 |   297 |   180 |     6 ||   761
         Punch             |       |     1 |     3 |       |       |       |       ||     4
         Short sword       |       |       |       |       |    11 |     4 |       ||    15
         Quick blade       |       |       |       |       |       |   168 |    42 ||   210
  Throw: Dart              |     7 |    36 |    51 |    15 |       |       |       ||   109
         Javelin           |       |     2 |     1 |     1 |       |       |       ||     4
         Throwing net      |       |       |       |     2 |     1 |       |       ||     3
   Cast: Necrotise         |       |       |    14 |    27 |    20 |       |       ||    61
         Animate Dead      |       |       |       |     9 |    24 |    21 |       ||    54
         Death Channel     |       |       |       |     5 |    46 |    30 |       ||    81
         Simulacrum        |       |       |       |       |    25 |    14 |       ||    39
         Borgnjor's Vile C |       |       |       |       |     9 |    28 |       ||    37
         Dispel Undead     |       |       |       |       |     2 |       |       ||     2
         Lee's Rapid Decon |       |       |       |       |       |    25 |       ||    25
 Invoke: Unearth Wretches  |       |       |       |     3 |     9 |    10 |       ||    22
         Brand Weapon With |       |       |       |       |       |     1 |       ||     1
  Evoke: Wand              |       |     1 |    10 |    20 |    14 |       |       ||    45
         Phantom mirror    |       |       |       |       |     3 |     1 |       ||     4
         Phial of floods   |       |       |       |       |     1 |       |       ||     1
    Use: Scroll            |     2 |       |    11 |    13 |    22 |    16 |     1 ||    65
         Potion            |       |       |     2 |     6 |    10 |     4 |       ||    22
   Stab: Sleeping          |     7 |     3 |     3 |     7 |    14 |     7 |       ||    41
         Distracted        |       |       |     1 |     3 |    21 |     9 |     1 ||    35
         Paralysed         |       |       |       |     5 |    10 |    13 |       ||    28
         Held in net/web   |       |       |       |     5 |       |       |       ||     5
         Invisible         |       |       |       |     2 |       |       |       ||     2
 Armour: Robe              |     9 |       |       |       |       |       |       ||     9
         Leather armour    |    26 |     9 |     3 |       |       |       |       ||    38
         Scale mail        |       |    16 |   104 |       |       |       |       ||   120
         Steam dragon scal |       |       |       |    78 |   254 |   137 |     7 ||   476
  Dodge: Dodged            |    53 |    32 |   177 |   286 |   685 |   402 |    11 ||  1646
  Block: Other             |       |     7 |    30 |       |       |       |       ||    37
         Buckler           |       |       |    84 |   385 |   807 |   410 |    16 ||  1702
